Map: Lost and Found LE

Players

Denver

  • Race: Zerg Zerg
  • Spawn Location: 1:00

Reynor - Winner!

  • Race: Zerg Zerg
  • Spawn Location: 7:00

Event: WCS Valencia 2018

VOD

Have the link to the VOD?

Description

Time

  • Played on: July 12, 2018, 10:12 a.m.
  • Length: 9:32

All games in this series

Show
View Real Time Build Order
Export as new Build Order

Denver Zerg 

Build Orders: Hatch First 

Get SALT Encoding   

  12  0:01  Drone  
  13  0:13  Overlord  
  13  0:18  Drone  
  14  0:31  Drone x2  
  14  0:35  Drone  
  17  0:51  Hatchery  
  17  0:55  Drone  
  17  0:58  Drone  
  18  1:09  Extractor  
  17  1:13  Spawning Pool  
  17  1:16  Drone  
  17  1:20  Drone  
  18  1:28  Drone  
  19  1:39  Overlord  
  19  1:51  Drone  
  20  2:00  Queen  
  23  2:01  Zergling x2  
  23  2:03  Queen  
  23  2:04  Drone  
  26  2:13  Drone  
  27  2:16  Drone  
  27  2:22  Drone  
  29  2:27  Drone  
  30  2:33  Overlord  
  30  2:37  Lair  
  30  2:38  Drone  
  31  2:44  Evolution Chamber, Drone  
  31  2:47  Drone  
  32  2:55  Roach Warren, Drone  
  32  2:57  Drone  
  33  3:07  Drone x3  
  33  3:08  Drone x2  
  33  3:10  Extractor  
  34  3:14  Drone x2  
  36  3:20  Evolution Chamber  
  36  3:24  Queen  
  37  3:29  Extractor, Drone  
  37  3:31  Drone x2  
  37  3:33  Drone  
  40  3:38  Spire  
  39  3:43  Evolution Chamber  
  39  3:44  Roach  
  39  3:46  Drone  
  39  3:47  Drone  
  42  3:49  Drone  
  43  3:55  Overlord  
  43  4:02  Evolution Chamber  
  42  4:03  Roach  
  42  4:06  Overlord  
  44  4:10  Overlord  
  44  4:14  Overlord  
  44  4:17  Zerg Missile Weapons Level 1  
  44  4:22  Extractor  
  44  4:26  Evolution Chamber  
  44  4:28  Drone x3  
  46  4:32  Roach x2  
  50  4:44  Roach  
  52  4:51  Hatchery  
  51  4:54  Mutalisk x2  
  51  4:59  Mutalisk  
  57  5:01  Mutalisk  
  55  5:08  Drone x2  
  55  5:09  Overlord, Drone x2  
  55  5:13  Mutalisk  
  61  5:16  Roach x2  
  61  5:19  Overlord  
  65  5:24  Glial Reconstitution  
  65  5:27  Roach  
  67  5:29  Roach  
  67  5:34  Roach x2  
  73  5:40  Roach  
  75  5:44  Roach  
  75  5:45  Roach x2  
  75  5:46  Overlord  
  81  5:55  Roach  
  81  5:56  Overlord  
  83  6:04  Hatchery  
  83  6:09  Roach x2  
  86  6:15  Roach x3  
  92  6:23  Roach x3  
  96  6:32  Roach x3  
  89  6:40  Roach  
  89  6:47  Roach  
  89  6:49  Roach  
  89  6:53  Roach  
  95  6:58  Roach x2  
  99  7:04  Overlord  
  99  7:12  Ravager  
  98  7:15  Overlord  
  98  7:21  Roach x3  
  100  7:24  Drone x5  
  100  7:28  Drone x2  
  95  7:30  Drone  
  95  7:36  Queen  
  98  7:41  Roach x2  
  98  7:45  Drone  
  98  7:46  Drone  
  100  7:52  Drone  
  100  7:53  Drone x3  
  100  7:55  Overlord  
  100  8:03  Drone x2  
  100  8:05  Ravager  
  103  8:08  Drone x2  
  103  8:11  Queen  
  107  8:19  Drone x2  
  109  8:20  Drone  
  109  8:22  Drone  
  109  8:23  Drone  
  109  8:25  Drone  
  113  8:28  Roach  
  113  8:31  Drone  
  113  8:32  Drone  
  117  8:38  Roach  
  113  8:41  Extractor, Roach  
  113  8:42  Overlord  
  113  8:43  Overlord  
  114  8:49  Roach x4  
  114  8:50  Overlord  
  114  8:52  Overlord  
  122  8:59  Overlord  
  122  9:05  Ravager  
  122  9:06  Roach x3, Ravager  
  130  9:11  Hatchery  
Show
View Real Time Build Order
Export as new Build Order

Reynor Zerg - Winner!

Build Orders: Hatch First 

Get SALT Encoding   

  12  0:01  Drone  
  13  0:12  Overlord  
  13  0:16  Drone  
  14  0:31  Drone x2  
  16  0:49  Hatchery  
  15  0:51  Drone  
  15  0:55  Drone  
  17  1:05  Extractor  
  17  1:10  Spawning Pool  
  15  1:13  Drone  
  15  1:17  Drone  
  17  1:21  Drone  
  18  1:28  Drone  
  19  1:38  Overlord  
  19  1:56  Zergling x2  
  19  2:00  Zergling x2, Queen  
  19  2:01  Queen  
  23  2:02  Zergling x2  
  23  2:08  Metabolic Boost  
  26  2:11  Drone  
  26  2:14  Drone  
  28  2:21  Drone  
  29  2:27  Drone  
  30  2:41  Drone  
  30  2:42  Drone  
  32  2:44  Hatchery  
  32  2:46  Overlord  
  31  2:55  Queen  
  33  3:03  Drone  
  33  3:04  Drone x2  
  33  3:13  Zergling x10  
  33  3:14  Zergling x2  
  33  3:17  Zergling x2  
  40  3:22  Zergling x2, Evolution Chamber  
  40  3:24  Zergling x2  
  41  3:28  Overlord  
  41  3:32  Drone  
  42  3:37  Drone  
  43  3:42  Drone  
  43  3:43  Overlord  
  43  3:47  Drone x3  
  47  3:55  Zerg Missile Weapons Level 1  
  46  4:00  Extractor, Roach Warren  
  44  4:06  Drone x2  
  44  4:07  Drone x2  
  47  4:17  Zergling x8  
  47  4:18  Zergling x4  
  47  4:22  Overlord  
  53  4:34  Overlord  
  53  4:41  Roach x6  
  67  4:45  Roach  
  67  4:49  Roach  
  67  4:51  Drone x3  
  72  4:57  Roach  
  72  4:59  Drone x2  
  77  5:00  Drone x2  
  77  5:03  Drone  
  77  5:05  Drone  
  79  5:11  Drone  
  80  5:15  Lair, Drone  
  80  5:16  Extractor, Drone  
  81  5:24  Overlord  
  81  5:26  Overlord  
  81  5:30  Spore Crawler  
  81  5:31  Spore Crawler  
  81  5:32  Drone  
  81  5:33  Drone  
  81  5:34  Spore Crawler  
  80  5:40  Overlord  
  80  5:43  Queen, Drone  
  80  5:47  Drone x4  
  87  5:54  Overlord  
  87  5:57  Overlord  
  87  6:00  Drone x2  
  89  6:05  Spore Crawler  
  89  6:06  Overlord  
  89  6:09  Drone  
  89  6:10  Overlord  
  89  6:11  Overlord  
  89  6:14  Queen  
  89  6:17  Drone x2  
  93  6:23  Overlord  
  89  6:31  Drone x4  
  81  6:33  Roach x5  
  81  6:38  Roach x2  
  89  6:42  Glial Reconstitution, Extractor  
  89  6:45  Roach x2  
  89  6:46  Roach  
  86  6:50  Roach x2  
  86  6:54  Roach  
  92  7:00  Roach x2, Zerg Missile Weapons Level 2  
  96  7:04  Roach  
  97  7:11  Roach x3  
  97  7:12  Roach x2  
  97  7:15  Roach x3  
  110  7:26  Roach x4  
  114  7:32  Ravager  
  114  7:35  Roach  
  114  7:36  Drone x2  
  122  7:45  Roach  
  122  7:47  Roach x2  
  127  7:56  Roach  
  130  7:58  Ravager  
  130  8:00  Overlord  
  130  8:01  Overlord  
  130  8:02  Extractor  
  125  8:06  Roach  
  125  8:09  Overlord  
  125  8:10  Roach  
  125  8:12  Ravager  
  130  8:15  Overlord  
  130  8:18  Overlord  
  130  8:19  Drone x2  
  132  8:24  Hatchery  
  131  8:28  Roach x3  
  131  8:29  Drone  
  131  8:30  Drone x2  
  131  8:33  Hatchery  
  139  8:38  Roach x3  
  143  8:43  Zergling x2  
  143  8:44  Roach x5  
  154  8:51  Ravager x3  
  154  8:52  Overlord  
  154  8:54  Drone x2  
  159  8:57  Hydralisk Den, Roach  
  159  8:58  Roach  
  162  9:03  Overlord  
  162  9:12  Roach x4  
Tags
 
Add a new tag
Caveats
  • Supply blocks, unpowered buildings, or Contaminate may cause inaccurate times.
  • Supply counts are checked every 10 seconds.